Map: 베를린그라드 - 래더

Players

Demi

  • Race: Zerg Zerg
  • League: Diamond

DPGDark (Dark) - Winner!

  • Race: Zerg Zerg
  • League: Master

Event: DreamHack SC2 Masters Last Chance 2022

VOD

Have the link to the VOD?

Description

Time

  • Played on: Dec. 15, 2021, 4:24 a.m.
  • Length: 7:54

All games in this series

Show
View Real Time Build Order
Export as new Build Order

Demi Zerg 

Build Orders: Hatch First 

Get SALT Encoding   

  12  0:00  Drone  
  13  0:12  Overlord  
  13  0:17  Drone  
  14  0:31  Drone x2  
  16  0:48  Hatchery  
  15  0:51  Drone  
  15  0:56  Drone  
  17  1:09  Spawning Pool  
  16  1:12  Drone  
  16  1:16  Drone  
  18  1:22  Drone  
  19  1:29  Drone  
  20  1:40  Overlord  
  20  1:49  Drone  
  21  1:57  Queen  
  21  1:59  Queen  
  21  2:01  Drone x2  
  27  2:10  Drone  
  27  2:15  Overlord  
  28  2:21  Overlord  
  28  2:25  Drone  
  29  2:32  Zergling x2  
  29  2:33  Drone, Queen  
  29  2:35  Queen  
  35  2:40  Extractor  
  35  2:41  Extractor  
  35  2:42  Drone  
  35  2:43  Drone  
  35  2:55  Drone x2  
  37  3:04  Evolution Chamber  
  36  3:06  Drone x4  
  36  3:10  Drone  
  36  3:11  Drone x2  
  43  3:21  Drone x2  
  43  3:26  Roach Warren  
  44  3:28  Metabolic Boost  
  44  3:36  Evolution Chamber  
  44  3:38  Drone  
  44  3:39  Drone  
  45  3:43  Drone  
  45  3:44  Drone x2  
  45  3:47  Overlord  
  47  3:50  Overlord  
  47  3:54  Zerg Ground Armor Level 1  
  47  3:57  Zergling x2  
  47  3:58  Zergling x6  
  51  4:04  Zergling x2  
  51  4:06  Zergling x2  
  53  4:15  Zergling x4  
  55  4:21  Zergling x12  
  55  4:23  Lair  
  61  4:35  Zergling x4  
  63  4:42  Zergling x4  
  65  4:48  Hatchery  
  65  4:49  Drone x4  
  65  4:51  Zerg Missile Weapons Level 1, Extractor  
  67  5:02  Spine Crawler  
  65  5:08  Drone  
  65  5:09  Overlord x3  
  64  5:24  Glial Reconstitution  
  64  5:26  Roach  
  66  5:28  Overlord  
  66  5:30  Roach  
  66  5:31  Roach x6  
  80  5:37  Overlord  
  80  5:43  Drone  
  78  5:50  Roach  
  78  5:56  Roach x4  
  88  6:00  Roach  
  88  6:02  Roach  
  92  6:08  Roach x4  
  100  6:14  Roach  
  100  6:15  Roach  
  100  6:17  Overlord  
  104  6:21  Roach  
  104  6:23  Roach  
  104  6:25  Roach x2  
  112  6:26  Zergling x2  
  112  6:31  Overlord x2  
  113  6:37  Overlord  
  113  6:38  Overlord x2  
  113  6:44  Zergling x2, Roach x2  
  106  6:56  Roach x4  
  103  7:02  Roach  
  99  7:09  Roach  
  99  7:10  Roach x4  
  101  7:18  Roach x2  
  96  7:26  Roach x2  
  88  7:32  Roach  
Show
View Real Time Build Order
Export as new Build Order

DPGDark Zerg - Winner!

Build Orders: Hatch First 

Get SALT Encoding   

  12  0:00  Drone  
  13  0:13  Overlord  
  13  0:17  Drone  
  14  0:31  Drone x2  
  16  0:48  Hatchery  
  15  0:51  Drone  
  15  0:54  Drone  
  17  1:00  Drone  
  18  1:08  Extractor  
  17  1:14  Spawning Pool  
  17  1:17  Drone  
  17  1:20  Drone  
  18  1:28  Drone  
  19  1:40  Drone  
  20  1:51  Drone  
  21  2:02  Queen x2  
  21  2:03  Drone  
  21  2:04  Zergling x2  
  27  2:11  Overlord  
  27  2:14  Drone, Metabolic Boost  
  28  2:29  Drone x2  
  30  2:32  Drone  
  30  2:33  Drone  
  32  2:38  Hatchery  
  31  2:45  Queen  
  31  2:51  Overlord  
  32  2:53  Drone  
  32  2:55  Drone  
  32  2:58  Drone  
  35  3:04  Overlord  
  35  3:11  Zergling x4  
  35  3:12  Drone x2  
  39  3:16  Drone x2  
  41  3:22  Evolution Chamber  
  41  3:25  Drone x3  
  43  3:31  Drone x2  
  45  3:41  Drone, Overlord  
  45  3:46  Drone x3  
  45  3:47  Drone x3  
  52  3:51  Extractor  
  52  3:52  Zerg Ground Armor Level 1, Extractor  
  50  3:57  Roach Warren  
  50  4:01  Drone  
  50  4:03  Drone x2  
  50  4:08  Zergling x6  
  55  4:18  Zergling x6  
  55  4:22  Drone x3  
  55  4:23  Overlord x2  
  60  4:25  Overlord  
  60  4:38  Roach x3  
  66  4:39  Overlord  
  66  4:41  Overlord x2  
  66  4:45  Roach  
  68  4:50  Roach x3  
  68  4:52  Roach  
  76  4:54  Roach  
  76  4:57  Roach  
  80  5:04  Zergling x10  
  83  5:09  Zergling x4  
  83  5:12  Roach  
  87  5:15  Roach x2  
  87  5:17  Zergling x2  
  96  5:21  Roach x2  
  96  5:23  Roach  
  96  5:25  Overlord  
  98  5:31  Roach x2  
  102  5:38  Roach  
  102  5:42  Roach x2  
  108  5:44  Roach  
  108  5:46  Zerg Melee Weapons Level 1  
  108  5:48  Zergling x6  
  112  5:53  Zergling x6  
  112  5:57  Queen  
  115  5:58  Zergling x2  
  115  5:59  Zergling x2  
  119  6:05  Zergling x4  
  119  6:09  Overlord  
  119  6:10  Overlord  
  121  6:14  Overlord  
  121  6:18  Overlord  
  121  6:27  Ravager x7  
  121  6:28  Overlord x3  
  121  6:29  Zergling x4  
  130  6:35  Zergling x10  
  130  6:39  Zergling x6  
  138  6:45  Zergling x8  
  126  6:56  Zergling x10  
  126  6:57  Zergling x4  
  126  7:00  Ravager x2  
  121  7:04  Zergling x10  
  121  7:08  Zergling x8  
  126  7:11  Zergling x2  
  113  7:25  Zergling x6  
  113  7:28  Zergling x8  
  109  7:32  Roach x3  

Tags
 
Add a new tag
Caveats
  • Supply blocks, unpowered buildings, or Contaminate may cause inaccurate times.
  • Supply counts are checked every 10 seconds.